 Dungeon Sprint DCSS version 0.31-a0-543-geaa9c7a2c0 (webtiles) character file.

Game seed: 9889352478026213998

14300000 Conn the Plane Walker (level 27, -140/273 HPs)
             Began as a Ghoul Warper on Aug 15, 2023.
             Was the Champion of Makhleb.
             Annihilated by a fleshlord
             ... wielding a +9 great mace
              (413 damage)
             ... in the Dungeon (Sprint VIII: "Arena of Blood").
             The game lasted 00:09:32 (143 turns).

Conn the Plane Walker (Ghoul Warper)                 Turns: 143, Time: 00:09:33

Health: -140/273   AC:  6    Str: 23    XL:     27
Magic:  53/53      EV: 26    Int:  8    God:    Makhleb [******]
Gold:   0          SH:  0    Dex: 14    Spells: 80/80 levels left

rFire   . . .        i - +∞ Axe of Woe
rCold   + . .        (shield currently unavailable)
rNeg    + + +        b - +0 leather armour
rPois   ∞            (no helmet)
rElec   .            (no cloak)
rCorr   .            (no gloves)
SInv    .            (no boots)
Will    ++...        (no amulet)
Stlth   +++++++++    g - +30 ring of slaying
HPRegen 0.00/turn    j - +30 ring of slaying
MPRegen 0.33/turn

%: no teleportation
@: inhibited regen, slowed, very slow
A: claws 1, cold resistance 1, negative energy resistance 3, inhibited
regeneration, torment resistance 2, devour on kill
a: Renounce Religion, Minor Destruction, Lesser Servant of Makhleb, Major
Destruction, Greater Servant of Makhleb


You were in the Dungeon.
You worshipped Makhleb.
Makhleb was exalted by your worship.
You visited 1 branch

Inventory:

Hand Weapons
 a - a +0 hand axe
 i - the +∞ Axe of Woe (weapon)
   (You found it in the Dungeon)
Missiles
 d - 7 darts of dispersal (quivered)
Armour
 b - a +0 leather armour (worn)
Jewellery
 g - a +30 ring of slaying (left claw)
 j - a +30 ring of slaying (right claw)
 k - a +30 ring of slaying
Scrolls
 c - a scroll of blinking
Potions
 e - a potion of curing
 f - a potion of heal wounds
 h - a potion of magic


   Skills:
 O Level 27 Fighting
 O Level 27 Short Blades
 O Level 27 Long Blades
 O Level 27 Axes
 O Level 27 Maces & Flails
 O Level 27 Polearms
 O Level 27 Staves
 O Level 27 Ranged Weapons
 O Level 27 Throwing
 O Level 27 Armour
 O Level 27 Dodging
 O Level 27 Stealth
 O Level 27 Shields
 O Level 27 Unarmed Combat
 O Level 27 Spellcasting
 O Level 27 Conjurations
 O Level 27 Hexes
 O Level 27 Summonings
 O Level 27 Necromancy
 O Level 27 Translocations
 O Level 27 Transmutations
 O Level 27 Fire Magic
 O Level 27 Ice Magic
 O Level 27 Air Magic
 O Level 27 Earth Magic
 O Level 27 Poison Magic
 O Level 27 Invocations
 O Level 27 Evocations


You had 80 spell levels left.
You didn't know any spells.
Your spell library contained the following spells:

 Spells                   Type           Power      Damage    Failure   Level
 Blink                    Tloc           100%       N/A       0%          2
 Lesser Beckoning         Tloc           100%       N/A       0%          2
 Teleport Other           Tloc           52%        N/A       0%          3
 Vhi's Electric Charge    Tloc/Air       100%       N/A       0%          3
 Manifold Assault         Tloc           52%        N/A       0%          4


Dungeon Overview and Level Annotations

Branches:
Dungeon (1/1)

Altars:
Makhleb


Innate Abilities, Weirdness & Mutations

You are immune to poison.
You have sharp fingernails.
Your flesh is cold resistant. (rC+)
You are immune to negative energy. (rN+++)
You do not regenerate when monsters are visible.
You are immune to unholy pain and torment.
You thrive by killing the living.


Message History

The fiery explosion engulfs you!!
The fiery explosion engulfs the scourge!!
The fiery explosion engulfs the sculptor of flesh!!!
You feel something staring at you. Something smites you!
The fleshlord casts a spell at you.
You feel as though you will be slow longer.
You hear a shout! x5
A scourge comes into view.
You hear a shout! x2
The scourge is engulfed in blazing flames.
The scourge bites you but does no damage.
Unknown command.
Unknown command.
Unknown command.
You slice the sculptor of flesh like a ripe choko!!!!
You pulverise the sculptor of flesh into a thin bloody mist.
You destroy the sculptor of flesh!
Makhleb accepts your kill.
You feel better.
You carve the bag of meat like a ham!!!
You cleave the bag of meat in twain.
You kill the bag of meat!
Makhleb accepts your kill.
You feel better.
You slice the scourge like a ripe choko!!!
You butcher the scourge messily.
You kill the scourge!
Makhleb accepts your kill.
You feel better.
You slice the tyrant!!
You dissect the tyrant like a pig carcass.
You destroy the tyrant!
Makhleb accepts your kill.
The large abomination disappears in a puff of smoke! x3
You hear a shout! x4
The fleshlord mumbles some strange words.
The fleshlord seems to speed up.
You hear a shout! x6
The fleshlord hits you with a +9 great mace!!!!!!
Ouch! That really hurt!
You die...

.#....... #.)) #....
......#.... #))) #....
. o.#.....)###))) #....
.o.oo.....))))))#
#....# ooOW...#)))))...
#..... .o.X#..§..))#..
#=.... ###oo...†....#_)
#....p##W..X#.).....#..
#@D.oOoXp#).......
#M§.L.oX{XD......#
§.XDX.LS.)).###...
.............X.#...
.......W......X.#...
.....p..#......X.X...
........#.#.#...XpX{.
#.........#.#......LLo
.#.# #........


You could see an accursed, 2 tentacled monstrosities, 2 tyrants, 2 eight-headed
meat hydras, a scourge, 3 fleshlords, a large bag of meat (inner flame), 4 large
abominations, 2 dreads and 5 bags of meat.

Vanquished Creatures
  5 hell knights (D)
  Sigmund (D)
  11 hell beasts (D)
  Edmund (D)
  3 royal mummies (D)
  7 great orbs of eyes (D)
  2 wraiths (D)
  18 vampire knights (D)
  38 ogres (D)
  10 two-headed ogres (D)
  6 liches (D)
  6 hydras (D)
  7 phantoms (D)
  71 orcs (D)
  5 skeletal warriors (D)
  8 sea snakes (D)
199 creatures vanquished.

Notes
Turn   | Place    | Note
-------+----------+-------------------------------------------
     0 | D        | Found the +∞ Axe of Woe
     0 | D        | Conn the Ghoul Warper began the quest for the Orb.
     0 | D        | Reached XP level 1. HP: 17/17 MP: 2/2
     0 | D        | Noticed a meat berserker
     1 | D        | Noticed a bag of meat
     3 | D        | Became a worshipper of Makhleb the Destroyer
     3 | D        | Noticed a bag of meat
     4 | D        | Noticed a meat berserker
     4 | D        | Noticed a bag of meat
     5 | D        | Killed a meat berserker
     6 | D        | Reached skill level 10 in Fighting
     6 | D        | Reached skill level 10 in Axes
     6 | D        | Reached skill level 10 in Spellcasting
     6 | D        | Reached XP level 2. HP: 39/39 MP: 2/12
     6 | D        | Reached XP level 3. HP: 46/46 MP: 2/14
     6 | D        | Reached XP level 4. HP: 53/53 MP: 2/15
     6 | D        | Reached XP level 5. HP: 59/59 MP: 2/17
     6 | D        | Reached XP level 6. HP: 67/67 MP: 2/18
     6 | D        | Reached XP level 7. HP: 73/73 MP: 2/20
     6 | D        | Reached XP level 8. HP: 81/81 MP: 2/21
     6 | D        | Reached XP level 9. HP: 86/86 MP: 2/22
     6 | D        | Reached XP level 10. HP: 94/94 MP: 2/23
     6 | D        | Reached XP level 11. HP: 101/101 MP: 2/24
     6 | D        | Reached XP level 12. HP: 108/108 MP: 2/25
     7 | D        | Noticed a bag of meat
     8 | D        | Noticed a meat berserker
     9 | D        | Noticed a meat berserker
     9 | D        | Noticed a bag of meat
    10 | D        | Killed a bag of meat
    10 | D        | Reached * piety under Makhleb
    10 | D        | Noticed a meat berserker
    11 | D        | Reached skill level 10 in Dodging
    11 | D        | Noticed a meat berserker
    11 | D        | Noticed a bag of meat
    11 | D        | Noticed a bag of meat
    12 | D        | Noticed a meat berserker
    12 | D        | Noticed a bag of meat
    12 | D        | Killed a bag of meat
    12 | D        | Noticed a meat berserker
    13 | D        | Reached XP level 13. HP: 119/119 MP: 2/28
    13 | D        | Killed a meat berserker
    13 | D        | Killed a meat berserker
    13 | D        | Reached ** piety under Makhleb
    13 | D        | Noticed a meat berserker
    14 | D        | Reached skill level 15 in Fighting
    14 | D        | Reached skill level 15 in Axes
    14 | D        | Reached XP level 14. HP: 83/135 MP: 3/31
    14 | D        | Killed a meat berserker
    14 | D        | Noticed a bag of meat
    15 | D        | Reached skill level 5 in Throwing
    15 | D        | Reached XP level 15. HP: 75/145 MP: 3/32
    15 | D        | Killed a meat berserker
    15 | D        | Killed a meat berserker
    15 | D        | Reached *** piety under Makhleb
    16 | D        | Reached skill level 5 in Armour
    16 | D        | Reached skill level 15 in Dodging
    16 | D        | Reached skill level 27 in Translocations
    16 | D        | Reached XP level 16. HP: 159/159 MP: 3/35
    16 | D        | Killed a meat berserker
    17 | D        | Killed a meat berserker
    17 | D        | Reached **** piety under Makhleb
    18 | D        | Reached XP level 17. HP: 178/178 MP: 3/38
    18 | D        | Noticed a meat berserker
    23 | D        | Noticed a large bag of meat
    23 | D        | Noticed a meat berserker
    24 | D        | Noticed a meat berserker
    25 | D        | Killed a meat berserker
    25 | D        | Reached ***** piety under Makhleb
    26 | D        | Reached skill level 27 in Axes
    26 | D        | Reached skill level 10 in Armour
    26 | D        | Reached XP level 18. HP: 196/196 MP: 4/41
    26 | D        | Noticed a large bag of meat
    26 | D        | Noticed a destroyer
    26 | D        | Noticed a large bag of meat
    27 | D        | Noticed a meat berserker
    28 | D        | Killed a meat berserker
    29 | D        | Reached skill level 27 in Fighting
    29 | D        | Noticed a large bag of meat
    30 | D        | Reached skill level 10 in Throwing
    32 | D        | Noticed a sculptor of flesh
    32 | D        | Noticed a large bag of meat
    34 | D        | Reached XP level 19. HP: 207/207 MP: 5/45
    34 | D        | Killed a meat berserker
    35 | D        | Killed a meat berserker
    36 | D        | Reached skill level 15 in Invocations
    36 | D        | Reached ****** piety under Makhleb
    37 | D        | Killed a meat berserker
    37 | D        | Killed a large bag of meat
    38 | D        | Reached skill level 27 in Dodging
    38 | D        | Reached skill level 27 in Spellcasting
    38 | D        | Reached XP level 20. HP: 179/216 MP: 6/50
    38 | D        | Killed a destroyer
    38 | D        | Killed a large bag of meat
    38 | D        | Noticed a destroyer
    39 | D        | Reached skill level 27 in Invocations
    39 | D        | Killed a large bag of meat
    39 | D        | Noticed a destroyer
    39 | D        | Noticed a destroyer
    40 | D        | Reached XP level 21. HP: 105/224 MP: 6/51
    40 | D        | Noticed a destroyer
    40 | D        | Noticed a meat berserker
    40 | D        | Noticed a large bag of meat
    40 | D        | Noticed a destroyer
    40 | D        | Noticed a large bag of meat
    42 | D        | Reached skill level 27 in Armour
    42 | D        | Killed a destroyer
    43 | D        | Killed a large bag of meat
    43 | D        | Noticed a destroyer
    44 | D        | Reached skill level 27 in Throwing
    44 | D        | Killed a destroyer
    44 | D        | Noticed a destroyer
    45 | D        | Reached skill level 5 in Stealth
    45 | D        | Reached skill level 5 in Unarmed Combat
    45 | D        | Reached skill level 5 in Ice Magic
    45 | D        | Reached skill level 5 in Earth Magic
    45 | D        | Reached XP level 22. HP: 175/233 MP: 7/52
    45 | D        | Noticed a destroyer
    45 | D        | Noticed a destroyer
    45 | D        | Noticed a large bag of meat
    46 | D        | Reached skill level 5 in Necromancy
    46 | D        | Reached skill level 5 in Poison Magic
    46 | D        | Killed a destroyer
    47 | D        | Reached skill level 5 in Conjurations
    47 | D        | Reached skill level 5 in Hexes
    47 | D        | Reached skill level 5 in Fire Magic
    47 | D        | Reached skill level 5 in Air Magic
    51 | D        | Noticed a tyrant
    51 | D        | Killed a destroyer
    52 | D        | Reached skill level 10 in Unarmed Combat
    52 | D        | Reached skill level 10 in Ice Magic
    52 | D        | Reached skill level 10 in Earth Magic
    52 | D        | Reached XP level 23. HP: 240/240 MP: 8/53
    52 | D        | Killed a large bag of meat
    53 | D        | Reached skill level 10 in Necromancy
    53 | D        | Reached skill level 10 in Poison Magic
    53 | D        | Noticed an accursed
    55 | D        | Reached skill level 10 in Short Blades
    55 | D        | Reached skill level 10 in Long Blades
    55 | D        | Reached skill level 10 in Maces & Flails
    55 | D        | Reached skill level 10 in Polearms
    55 | D        | Reached skill level 10 in Staves
    55 | D        | Reached skill level 10 in Ranged Weapons
    55 | D        | Reached skill level 10 in Shields
    55 | D        | Reached skill level 10 in Summonings
    55 | D        | Reached skill level 10 in Transmutations
    55 | D        | Reached skill level 10 in Evocations
    55 | D        | Killed a tyrant
    55 | D        | Noticed a destroyer
    55 | D        | Noticed a tyrant
    56 | D        | Reached skill level 10 in Conjurations
    56 | D        | Reached skill level 10 in Hexes
    56 | D        | Reached skill level 10 in Fire Magic
    56 | D        | Reached skill level 10 in Air Magic
    57 | D        | Reached skill level 15 in Stealth
    57 | D        | Reached XP level 24. HP: 241/249 MP: 41/53
    58 | D        | Killed a destroyer
    58 | D        | Killed a large bag of meat
    60 | D        | Reached skill level 15 in Unarmed Combat
    60 | D        | Reached skill level 15 in Ice Magic
    60 | D        | Reached skill level 15 in Earth Magic
    60 | D        | Noticed The Captor
    61 | D        | Killed a destroyer
    61 | D        | Killed a destroyer
    61 | D        | Noticed a tyrant
    62 | D        | Reached skill level 15 in Necromancy
    62 | D        | Reached skill level 15 in Poison Magic
    63 | D        | Reached XP level 25. HP: 249/257 MP: 42/53
    63 | D        | Noticed a meat beast
    64 | D        | Killed a destroyer
    65 | D        | Killed The Captor
    65 | D        | Killed a large bag of meat
    66 | D        | Reached XP level 26. HP: 213/266 MP: 42/53
    67 | D        | Killed a meat beast
    68 | D        | Reached XP level 27. HP: 248/273 MP: 43/53
    69 | D        | Killed a large bag of meat
    70 | D        | Noticed a dread
    71 | D        | Noticed a meat beast
    74 | D        | Killed a tyrant
    76 | D        | Noticed a destroyer
    76 | D        | Killed a destroyer
    76 | D        | Killed a tyrant
    77 | D        | Killed a destroyer
    78 | D        | Noticed a destroyer
    81 | D        | Noticed a meat beast
    81 | D        | Killed a dread
    82 | D        | Noticed a meat beast
    83 | D        | Killed a meat beast
    83 | D        | Killed an accursed
    84 | D        | Reached skill level 27 in Stealth
    84 | D        | Noticed a meat beast
    85 | D        | Killed a meat beast
    86 | D        | Killed a destroyer
    87 | D        | Reached skill level 27 in Unarmed Combat
    87 | D        | Reached skill level 27 in Ice Magic
    87 | D        | Reached skill level 27 in Earth Magic
    87 | D        | Killed a meat beast
    88 | D        | Killed a destroyer
    88 | D        | Noticed a meat beast
    90 | D        | Reached skill level 27 in Necromancy
    90 | D        | Reached skill level 27 in Poison Magic
    90 | D        | Noticed a destroyer
    92 | D        | Killed a meat beast
    93 | D        | Noticed a meat beast
    93 | D        | Noticed a meat beast
    94 | D        | Reached skill level 27 in Short Blades
    94 | D        | Reached skill level 27 in Long Blades
    94 | D        | Noticed a large bag of meat
    95 | D        | Reached skill level 27 in Maces & Flails
    95 | D        | Reached skill level 27 in Polearms
    95 | D        | Reached skill level 27 in Staves
    95 | D        | Reached skill level 27 in Ranged Weapons
    95 | D        | Reached skill level 27 in Evocations
    95 | D        | Killed a destroyer
    96 | D        | Reached skill level 27 in Shields
    96 | D        | Reached skill level 27 in Summonings
    96 | D        | Reached skill level 27 in Transmutations
    97 | D        | Reached skill level 27 in Conjurations
    97 | D        | Reached skill level 27 in Hexes
    97 | D        | Reached skill level 27 in Fire Magic
    97 | D        | Reached skill level 27 in Air Magic
    98 | D        | Killed a meat beast
    98 | D        | Noticed a meat beast
    99 | D        | Noticed a tyrant
   101 | D        | Killed a large bag of meat
   101 | D        | Noticed The Defiler
   102 | D        | Noticed a meat beast
   102 | D        | Noticed a tyrant
   102 | D        | Noticed an accursed
   103 | D        | Killed a meat beast
   104 | D        | Killed a meat beast
   105 | D        | Killed a meat beast
   111 | D        | Killed a tyrant
   114 | D        | Noticed a dread
   115 | D        | Killed The Defiler
   120 | D        | Noticed a fleshlord
   121 | D        | Noticed a fleshlord
   121 | D        | Noticed a tyrant
   122 | D        | Noticed a destroyer
   122 | D        | Noticed a destroyer
   123 | D        | Noticed a meat beast
   123 | D        | Killed a fleshlord
   123 | D        | Noticed an accursed
   124 | D        | Killed a destroyer
   125 | D        | Noticed a destroyer
   125 | D        | Noticed a tyrant
   125 | D        | Noticed a fleshlord
   126 | D        | Noticed a dread
   126 | D        | Noticed a destroyer
   127 | D        | Killed an accursed
   127 | D        | Killed a meat beast
   127 | D        | Killed a dread
   127 | D        | Killed a destroyer
   128 | D        | Killed a fleshlord
   128 | D        | Noticed a tyrant
   128 | D        | Noticed a large bag of meat
   129 | D        | Noticed a tyrant
   132 | D        | Noticed a fleshlord
   132 | D        | Killed a meat beast
   132 | D        | Noticed a fleshlord
   132 | D        | Noticed an accursed
   133 | D        | Noticed a large bag of meat
   133 | D        | Noticed a fleshlord
   134 | D        | Noticed a fleshlord
   134 | D        | Killed a destroyer
   134 | D        | Killed a fleshlord
   135 | D        | Killed a destroyer
   135 | D        | Killed a tyrant
   138 | D        | Killed a fleshlord
   140 | D        | Killed an accursed
   140 | D        | Noticed a dread
   141 | D        | Killed a fleshlord
   141 | D        | Noticed a fleshlord
   142 | D        | Killed a large bag of meat
   143 | D        | Killed a tyrant
   143 | D        | Annihilated by a fleshlord

Illustrated notes

Levels and vault maps discovered:
D:        meatsprint

Skill      XL: |  1  2  3  4  5  6  7  8  9 10 11 12 13 14 15 16 17 18 19 20 21 22 23 24 25 26 27 |
---------------+----------------------------------------------------------------------------------+-----
Fighting       | 10 12 15 16 18 22 26 27 | 27.0
Axes           | 10 12 15 16 19 24 27 | 27.0
Throwing       | 3 4 5 6 8 10 11 16 27 | 27.0
Armour         | 2 3 4 5 8 10 12 16 25 27 | 27.0
Dodging        | 9 11 13 14 15 18 20 24 27 | 27.0
Spellcasting   | 10 12 14 16 18 20 23 27 | 27.0
Translocations | 18 21 24 25 27 | 27.0
Invocations    | 9 22 27 | 27.0
Short Blades   | 4 8 11 14 17 18 27 | 27.0
Long Blades    | 4 8 11 14 17 18 27 | 27.0
Maces & Flails | 4 8 11 14 17 18 27 | 27.0
Polearms       | 4 8 11 14 17 18 27 | 27.0
Staves         | 4 8 11 14 17 18 27 | 27.0
Ranged Weapons | 4 8 11 14 17 18 27 | 27.0
Stealth        | 5 11 15 18 22 23 27 | 27.0
Shields        | 4 8 11 14 17 18 27 | 27.0
Unarmed Combat | 5 10 13 16 20 21 27 | 27.0
Conjurations   | 3 8 10 13 16 17 27 | 27.0
Hexes          | 3 8 10 13 16 17 27 | 27.0
Summonings     | 4 8 11 14 17 18 27 | 27.0
Necromancy     | 4 9 12 15 18 20 27 | 27.0
Transmutations | 4 8 11 14 17 18 27 | 27.0
Fire Magic     | 3 8 10 13 16 17 27 | 27.0
Ice Magic      | 5 10 13 16 20 21 27 | 27.0
Air Magic      | 3 8 10 13 16 17 27 | 27.0
Earth Magic    | 5 10 13 16 20 21 27 | 27.0
Poison Magic   | 4 9 12 15 18 20 27 | 27.0
Evocations     | 4 8 11 14 17 18 27 | 27.0

Action                     |  1- 3 |  4- 6 |  7- 9 | 10-12 | 13-15 | 16-18 | 19-21 | 22-24 | 25-27 || total
---------------------------+-------+-------+-------+-------+-------+-------+-------+-------+-------++-------
  Melee: Executioner's axe |     1 |       |       |     2 |     3 |     9 |    10 |    14 |    66 ||   105
 Invoke: Greater Servant o |       |       |       |       |       |     1 |       |       |       ||     1
    Use: Potion            |     1 |       |       |       |       |       |       |     1 |       ||     2
         Scroll            |       |       |       |       |       |       |       |       |     1 ||     1
 Armour: Leather armour    |       |       |       |       |       |       |       |       |     5 ||     5
  Dodge: Dodged            |       |       |       |       |       |       |       |       |    13 ||    13

Table legend: (Time is in decaauts)
 A = Elapsed time spent in this place.
 B = Non-inter-level travel time spent in this place.
 C = Inter-level travel time spent in this place.
 D = Time resting spent in this place.
 E = Time spent auto-exploring this place.
 F = Levels seen in this place.
 G = Mean time per level.
                   A        B        C        D        E       F      G
               +--------+--------+--------+--------+--------+-----+--------+
         Total |    105 |    105 |      0 |      0 |      0 |   1 |  105.0 |
       Dungeon |    105 |    105 |      0 |      0 |      0 |   1 |  105.0 |
               +--------+--------+--------+--------+--------+-----+--------+

Top non-repeatable levels by time:
       D: 105 daAuts
